 Dungeon Crawl Stone Soup version 0.19-a0-38-ga776ef0 (webtiles) character file.

84 Jeelzebub the Slasher (level 4, -1/52 HPs)
             Began as a Formicid Fighter on May 5, 2016.
             Succumbed to an orc wizard's poison
             ... on level 3 of the Dungeon.
             The game lasted 00:01:54 (2272 turns).

Jeelzebub the Slasher (Formicid Fighter)            Turns: 2272, Time: 00:01:54

Health: -1/52      AC: 22    Str: 20    XL:     4   Next: 72%
Magic:  4/4        EV:  2    Int: 16    God:
Gold:   132        SH:  0    Dex: 10    Spells: 0 memorised, 3 levels left

rFire  . . .     SeeInvis .     a - +0 long sword
rCold  . . .     Gourm    .     (armour currently unavailable)
rNeg   + + +     Faith    .     (no shield)
rPois  +         Spirit   .     (helmet unavailable)
rElec  .         Dismiss  .     (cloak currently unavailable)
rCorr  .         Reflect  .     (gloves currently unavailable)
SustAt .         Harm     .     (boots currently unavailable)
MR     .....                    (no amulet)
Stlth  +.........               (no ring)
                                e - +2 ring of intelligence

@: brilliant, lethally poisoned (-1 -> -28), tree-form, very slightly
contaminated, invisible, not resistant to hostile enchantments, very unstealthy
A: permanent stasis, dig shafts and tunnels, four strong arms, (antennae 0)
a: no special abilities


You were on level 3 of the Dungeon.
You were not hungry.
You were a tree.
You visited 1 branch of the dungeon, and saw 4 of its levels.

You collected 132 gold pieces.

Inventory:

Hand Weapons
 a - a +0 long sword (weapon)
Armour
 b - a +0 scale mail (melded)
 c - a +0 shield
Magical Staves
 r - an uncursed staff of conjuration {unknown}
   (You found it on level 3 of the Dungeon)
Jewellery
 e - a +2 ring of intelligence (left branch)
   (You found it on level 1 of the Dungeon)
Scrolls
 h - a scroll of remove curse {unknown}
 j - a scroll of random uselessness {unknown}
 m - a scroll of immolation {unknown}
 o - 2 scrolls of identify {unknown}
 q - a scroll of magic mapping {unknown}
Potions
 d - a potion of might
 i - a potion of lignification {!q}
Comestibles
 f - 2 bread rations {@e1}
 k - a beef jerky
 n - 2 meat rations {@e2}
 p - 2 fruits


   Skills:
 - Level 3.4 Fighting
 + Level 4.2 Long Blades
 - Level 3.4 Armour
 - Level 3.9 Shields


You had 3 spell levels left.
You didn't know any spells.

Dungeon Overview and Level Annotations

Branches:
Dungeon (4/15)
 Temple: D:4-7

Altars:
Dithmenos
Okawaru

Annotations:
D:2 Ijyb


Innate Abilities, Weirdness & Mutations

You are under a permanent stasis effect.
You can dig through walls and to a lower floor.
Your four strong arms can wield two-handed weapons with a shield.
((You have a pair of large antennae on your head (SInv).))


Message History

You start resting.
Health restored: 35 You start waiting.
You are feeling hungry.
You see here an adder corpse.
You butcher the adder corpse.
s - a chunk of flesh {@w0} You see here an adder skeleton.
Eating a chunk of flesh {@w0}.
You continue eating. x2 2 orcs come into view.
The orc shouts! x2
An orc comes into view. It is wielding a flail of protection.
There are monsters nearby!
There are monsters nearby!
An orc wizard comes into view. It is wielding a dagger of venom.
There are monsters nearby!
An orc comes into view. It is wielding a flail.
The orc wizard shouts!
The orc hits you but does no damage.
There are monsters nearby!
You barely miss the orc. The orc closely misses you.
You barely miss the orc.
The orc hits you with a whip of freezing.
The orc freezes you.
You take 5 damage, and have 30/35 hp.
You slash the orc!
You kill the orc!
You hit the orc but do no damage.
The orc hits you with a flail of protection.
The orc wizard mumbles some strange words.
The orc wizard flickers and vanishes for a moment.
You take 5 damage, and have 25/35 hp.
You hit the orc. The orc barely misses you.
You closely miss the orc.
The orc hits you with a flail of protection.
You take 5 damage, and have 20/35 hp.
You are too injured to fight recklessly!
You are too injured to fight recklessly!
You are too injured to fight recklessly!
Unknown command.
You hit the orc.
The orc hits you with a flail of protection.
You take 3 damage, and have 17/35 hp.
You hit the orc but do no damage. The orc hits you but does no damage.
You hit the orc. The orc closely misses you.
You barely miss the orc. The orc hits you but does no damage.
You hit the orc but do no damage. The orc hits you but does no damage.
You hit the orc.
You kill the orc!
You hit the orc wizard.
The orc wizard hits you but does no damage.
You are poisoned.
You closely miss the orc wizard.
You feel sick.
The orc wizard hits you but does no damage.
You are more poisoned.
You take 1 damage, and have 17/35 hp.
You miss the orc wizard.
You feel sick.
The orc wizard hits you with a dagger of venom.
You are lethally poisoned!
The orc wizard hits you but does no damage.
You are more poisoned.
You take 5 damage, and have 12/35 hp.
Unknown command.
You closely miss the orc wizard.
* * * LOW HITPOINT WARNING * * *
You feel very sick. The orc wizard closely misses you.
You take 2 damage, and have 10/35 hp.
You hit the orc wizard but do no damage.
* * * LOW HITPOINT WARNING * * *
You feel sick.
The orc wizard hits you but does no damage.
You are more poisoned.
You take 2 damage, and have 8/35 hp.
Drink which item? (? for menu, Esc to quit)
It was a potion of brilliance.
You feel clever all of a sudden.
* * * LOW HITPOINT WARNING * * *
You feel very sick. The orc wizard barely misses you.
You take 3 damage, and have 5/35 hp.
Drink which item? (? for menu, Esc to quit)
It was a potion of lignification.
You turn into a tree.
Your +0 scale mail melds into your body.
Your roots penetrate the ground.
* * * LOW HITPOINT WARNING * * *
You feel very sick. Something hits you but does no damage.
Deactivating autopickup; reactivate with Ctrl-A.
You now have 4/52 hp.
Drink which item? (? for menu, Esc to quit)
It was a potion of invisibility.
You fade into invisibility!
* * * LOW HITPOINT WARNING * * *
You feel sick. Something hits you but does no damage.
You are very lightly contaminated with residual magic.
You take 2 damage, and have 2/52 hp.
You closely miss something.
You die...

#.# #.# #.# #.#
#.# #.#
####.###.## #..
........... #o#
####.###.## #o#
#.# #.# #{# #.#
#÷# #♣# #.# #.#
#.# #.# #.# #.#
#)###.##
#.#########.......
#...........^#####
##############


You could see 2 orcs.

Vanquished Creatures
  3 adders
  An ooze (D:1)
  A worm (D:2)
  2 dart slugs (D:1)
  4 giant geckos
  2 orcs (D:3)
  A ball python (D:3)
  A bat (D:3)
  4 giant cockroaches
  3 goblins (D:1)
  5 hobgoblins
  A jackal (D:2)
  5 giant newts
  2 kobolds
  6 rats
41 creatures vanquished.

Vanquished Creatures (others)
  2 jackals (D:2)
2 creatures vanquished.

Grand Total: 43 creatures vanquished

Notes
Turn   | Place    | Note
--------------------------------------------------------------
     0 | D:1      | Jeelzebub the Formicid Fighter began the quest for the Orb.
     0 | D:1      | Reached XP level 1. HP: 18/18 MP: 1/1
    51 | D:1      | Reached XP level 2. HP: 21/24 MP: 2/2
   543 | D:1      | Reached XP level 3. HP: 29/29 MP: 3/3
   927 | D:1      | Reached skill level 3 in Long Blades
  1374 | D:2      | Noticed Ijyb
  1375 | D:2      | Reached XP level 4. HP: 32/35 MP: 4/4
  1385 | D:2      | HP: 8/35 [Ijyb/wand of lightning (21)]
  1390 | D:2      | You fall through a shaft for 2 floors!
  1651 | D:3      | Found an iron altar of Okawaru.
  1849 | D:3      | Found a shadowy altar of Dithmenos.
  1867 | D:3      | Reached skill level 4 in Long Blades
  2268 | D:3      | HP: 8/35 [poisoned by an orc wizard]
  2271 | D:3      | HP: 2/52 [poisoned by an orc wizard]
  2272 | D:3      | Succumbed to an orc wizard's poison

Vault maps used:
D:1:      dpeg_arrival_solitude, minivault_23
D:2:      amethyst_overflow_temple_binary, minmay_bad_closet, uniq_iyjb,
          uniq_natasha
D:3:      okawaru_gym_becter, overflow_temple_1_default, led_sif_book,
          uniq_jessica
D:4:      old_standard_altar, grunt_gozag_statues, old_standard_altar,
          uniq_eustachio

Skill      XL: |  1  2  3  4 |
---------------+-------------+-----
Long Blades    | 3 4 |  4.2
Fighting       | |  3.4
Armour         | |  3.4
Shields        | |  3.9

Action                   |  1- 3 |  4- 6 || total
-------------------------+-------+-------++-------
Melee: Long sword        |    76 |    82 ||   158
Throw: Javelin           |    11 |       ||    11
 Abil: Dig               |       |     1 ||     1
       Shaft Self        |       |     1 ||     1
  Use: Potion            |       |     3 ||     3
  Eat: Bread ration      |       |     1 ||     1
       Chunk             |       |     1 ||     1
Armor: Scale mail        |    28 |    40 ||    68
       Skin              |       |     2 ||     2
Dodge: Dodged            |    27 |    46 ||    73
Block: Shield            |    25 |       ||    25

Vault maps used:
D:1:      dpeg_arrival_solitude, minivault_23
D:2:      amethyst_overflow_temple_binary, minmay_bad_closet, uniq_iyjb,
          uniq_natasha
D:3:      okawaru_gym_becter, overflow_temple_1_default, led_sif_book,
          uniq_jessica
D:4:      old_standard_altar, grunt_gozag_statues, old_standard_altar,
          uniq_eustachio

Table legend:
 A = Turns spent in this place as a percentage of turns spent in the entire game.
 B = Non-inter-level travel turns spent in this place as a percentage of non-inter-level travel turns spent in the entire game.
 C = Inter-level travel turns spent in this place as a percentage of turns spent in this place.
 D = Turns resting spent in this place as a percentage of non-inter-level travel turns spent in this place.
 E = Turns spent auto-exploring this place as a percentage of non-inter-level travel turns spent in this place.
 F = Non-inter-level travel turns spent in this place divided by the number of levels of this place that you've seen.
                   A       B       C       D       E      F
               +-------+-------+-------+-------+-------+----------------------
         Total | 100.0 | 100.0 |   0.2 |   1.8 |  14.6 | 137.2
       Dungeon | 100.0 | 100.0 |   0.2 |   1.8 |  14.6 | 137.2
               +-------+-------+-------+-------+-------+----------------------

Table legend:
 A = Kills in this place as a percentage of kills in entire the game.
 B = Kills by you in this place as a percentage of kills by you in the entire game.
 C = Kills by friends in this place as a percentage of kills by friends in the entire game.
 D = Other kills in this place as a percentage of other kills in the entire game.
 E = Experience gained in this place as a percentage of experience gained in the entire game.
 F = Experience gained in this place divided by the number of levels of this place that you have seen.
                   A       B       C       D       E      F
               +-------+-------+-------+-------+-------+----------------------
         Total | 100.0 | 100.0 |  -nan |  -nan | 100.0 |  30.0
       Dungeon | 100.0 | 100.0 |  -nan |  -nan | 100.0 |  30.0
               +-------+-------+-------+-------+-------+----------------------
